 Dungeon Crawl Stone Soup version bcrawl-1.38b (webtiles) character file.

Game seed: 1804967887446985126

126405 Mrkan the Skirmisher (level 4, 0/29 HPs)
             Began as a Gargoyle Fighter on Mar 23, 2023.
             Slain by a worker ant (6 damage)
             ... on level 3 of the Dungeon.
             The game lasted 00:02:38 (1784 turns).

Mrkan the Skirmisher (Gargoyle Fighter)             Turns: 1784, Time: 00:02:39

Health: 0/29       AC: 10    Str: 19    XL:     4   Next: 33%
Magic:  4/4        EV:  5    Int:  9    God:
Gold:   131        SH:  9    Dex: 10    Spells: 3/3 levels left

rFire    . . .     GDR:     35% a - +0 flail
rCold    . . .     SeeInvis .   c - +0 medium shield
rNeg     + . .     Gourm    .   b - +0 scale mail
rPois    ∞         Faith    .   (no helmet)
rElec    +         Spirit   .   (no cloak)
rCorr    .         Reflect  .   (no gloves)
MR       .....                  (no boots)
Stlth    ..........             (no amulet)
HPRegen  0.14/turn              (no ring)
MPRegen  0.09/turn              (no ring)

@: no status effects
A: negative energy resistance 1, electricity resistance, partial torment
resistance, unbreathing, petrification resistance, rot immunity, AC +3
a: no special abilities


You were on level 3 of the Dungeon.
You were very hungry.

You visited 1 branch of the dungeon, and saw 3 of its levels.

You collected 131 gold pieces.

Inventory:

Hand Weapons
 a - a +0 flail (weapon)
 l - a cursed -3 whip
Armour
 b - a +0 scale mail (worn)
 c - a +0 medium shield (worn)
Scrolls
 f - 2 scrolls of fear {unknown}
 h - a scroll of enchant armour {unknown}
 i - 3 scrolls of identify
 j - a scroll of remove curse {unknown}
 p - a scroll of enchant weapon {unknown}
 q - a scroll of teleportation {unknown}
Potions
 d - a potion of might
 g - 2 potions of lignification {unknown}
 k - a potion of flight {unknown}
 m - 2 potions of ambrosia {unknown}
 n - a potion of cancellation {unknown}
 o - a potion of agility {unknown}
 r - a potion of mutation {unknown}
 t - a potion of curing {unknown}
Comestibles
 e - 3 rations {!d}


   Skills:
 + Level 4.0 Fighting
 * Level 3.4 Maces & Flails
 - Level 3.2 Armour
 + Level 3.9 Shields


You had 3 spell levels left.
You didn't know any spells.
Your spell library was empty.

Dungeon Overview and Level Annotations

Branches:
Dungeon (3/12)

Altars:


Innate Abilities, Weirdness & Mutations

You are resistant to torment.
Your stone body is resilient. (AC +3)
You are immune to poison.
You resist negative energy. (rN+)
You are resistant to electric shocks. (rElec)
You are less affected by unholy pain and torment.
You can survive without breathing.
You are immune to petrification.
You are immune to rotting.


Message History

Your shield and scale mail prevent you from hitting the worker ant.
The worker ant is heavily wounded.
You block the leopard gecko's attack. You block the worker ant's attack.
The leopard gecko bites you but does no damage.
Your shield and scale mail prevent you from hitting the worker ant.
The worker ant is heavily wounded.
The worker ant bites you.
The worker ant bites you but does no damage.
The leopard gecko barely misses you.
You hit the worker ant.
The worker ant is severely wounded.
The worker ant bites you.
* * * LOW HITPOINT WARNING * * *
The leopard gecko bites you.
* * * LOW HITPOINT WARNING * * *
The worker ant bites you but does no damage.
You barely miss the worker ant.
The worker ant is severely wounded.
You block the leopard gecko's attack. The worker ant bites you.
You die...

###.... ..
##.....###.#.
>...........
##...........
#............
#####...........
#...........##.#
#.....<.)......#
#......a@...##.#
#.......l...#
#..........##
#.....$......
.........#.####
.........#.#
.........#.#
.###... ..


You could see a worker ant and a leopard gecko.

Vanquished Creatures
  2 oozes (D:2)
  4 dart slugs
  2 leopard geckos
  An orc (D:2)
  8 bats
  3 giant cockroaches
  4 goblins
  6 hobgoblins
  4 jackals (D:1)
  4 quokkas
  3 ball pythons
  2 frilled lizards
  2 kobolds
  5 rats
50 creatures vanquished.

Notes
Turn   | Place    | Note
-------+----------+-------------------------------------------
     0 | D:1      | Mrkan the Gargoyle Fighter began the quest for the Orb.
     0 | D:1      | Reached XP level 1. HP: 14/14 MP: 1/1
    80 | D:1      | Reached XP level 2. HP: 15/19 MP: 2/2
   444 | D:1      | Reached XP level 3. HP: 23/23 MP: 3/3
  1207 | D:2      | Reached XP level 4. HP: 29/29 MP: 4/4
  1679 | D:2      | Reached skill level 4 in Fighting
  1784 | D:3      | Slain by a worker ant

Skill      XL: |  1  2  3  4 |
---------------+-------------+-----
Maces & Flails | 3 |  3.4
Fighting       | 4 |  4.0
Armour         | |  3.2
Shields        | |  3.9

Action                   |  1- 3 |  4- 6 || total
-------------------------+-------+-------++-------
Melee: Flail             |   157 |    36 ||   193
  Eat: Chunk             |     7 |     1 ||     8
Armor: Scale mail        |   148 |    22 ||   170
Dodge: Dodged            |    55 |     8 ||    63
Block: Medium shield     |   102 |    21 ||   123
